 Dungeon Crawl Stone Soup version 0.30.1-11-g7821555f0a (webtiles) character file.

Game seed: 10263775943729042065

524 bmb222 the Sneak (level 7, -4/59 HPs)
             Began as a Demonspawn Delver on Dec 6, 2023.
             Was an Initiate of Gozag.
             Slain by a fire elemental (10 damage)
             ... created by the fiery vengeance of Ignis
             ... on level 4 of the Dungeon.
             The game lasted 00:07:57 (4654 turns).

bmb222 the Sneak (Demonspawn Delver)                Turns: 4654, Time: 00:07:57

Health: -4/59      AC: 12    Str: 21    XL:     7   Next: 2%
Magic:  7/7        EV:  9    Int: 11    God:    Gozag
Gold:   249        SH:  4    Dex: 14    Spells: 6/6 levels left

rFire   . . .        a - +0 spear
rCold   . . .        (no shield)
rNeg    . . .        f - +0 chain mail
rPois   .            (helmet restricted)
rElec   .            l - +0 cloak
rCorr   .            (no gloves)
SInv    .            (no boots)
Will    .....        x - amulet of magic regeneration Stlth
                     s - +6 ring of strength
HPRegen 0.29/turn    (no ring)
MPRegen 0.60/turn

%: no passive effects
@: brilliant, flying, fire susceptible
A: horns 1, yellow scales 1, powered by death 1, magic regeneration, large bone
plates 1, robust 1
a: Renounce Religion, Potion Petition, Call Merchant, Bribe Branch


You were on level 4 of the Dungeon.
You worshipped Gozag.
Gozag was aware of your devotion.
You visited 1 branch of the dungeon, and saw 5 of its levels.

You collected 312 gold pieces.
You paid 63 gold pieces to Gozag.

Inventory:

Hand Weapons
 a - a +0 spear (weapon)
Missiles
 d - 5 poisoned darts (quivered)
Armour
 b - a +0 leather armour
 f - a +0 chain mail (worn)
 l - a +0 cloak (worn)
Jewellery
 e - a +6 ring of dexterity
 s - a +6 ring of strength (left hand)
 x - an amulet of magic regeneration (around neck)
Wands
 g - a wand of digging (2)
 j - a wand of roots (3)
 v - a wand of polymorph (19)
Scrolls
 c - 2 scrolls of fog
 h - a scroll of poison {unknown}
 k - 3 scrolls of fear
 p - a scroll of butterflies {unknown}
 q - a scroll of enchant armour {unknown}
 r - 4 scrolls of identify
 w - a scroll of noise {unknown}
Potions
 m - 2 potions of ambrosia
 o - 4 potions of mutation
 z - a potion of heal wounds


   Skills:
 + Level 4.2 Fighting
 + Level 4.4 Polearms
 + Level 2.8 Armour
 + Level 2.8 Dodging
 - Level 5.0 Stealth
 + Level 0.2 Shields
 + Level 0.1 Unarmed Combat
 + Level 0.5 Evocations


You had 6 spell levels left.
You didn't know any spells.
Your spell library contained the following spells:

 Spells                   Type           Power      Damage    Failure   Level
 Malign Gateway           Summ/Tloc      0%         N/A       100%        7
 Summon Horrible Things   Summ           0%         N/A       100%        8


Dungeon Overview and Level Annotations

Branches:
Dungeon (5/15)
 Temple: D:4-7

Altars:
Gozag
Sif Muna
Ignis


Innate Abilities, Weirdness & Mutations

You have a pair of small horns on your head.
You are partially covered in yellow scales. (AC +2)
You regenerate a little health from kills.
You regenerate magic rapidly.
You are partially covered in large bone plates. (SH +4)
You are robust. (+10% HP)


Message History

The rock shatters into small pieces.
The fire elemental hits you. The fire elemental burns you!
The fire elemental closely misses you.
You closely miss the fire elemental. The fire elemental barely misses you.
You hit the fire elemental.
The fire elemental is lightly damaged.
The fire elemental hits you. The fire elemental burns you!
You hit the fire elemental.
The fire elemental is moderately damaged.
The fire elemental hits you. The fire elemental burns you!
You closely miss the fire elemental.
Your headbutt misses the fire elemental.
The fire elemental is moderately damaged.
The fire elemental barely misses you.
You feel much better. The fire elemental barely misses you.
The fire elemental hits you. The fire elemental burns you!
It was a potion of flight.
You feel very buoyant.
You fly up into the air.
The fire elemental hits you. The fire elemental burns you!
It was a potion of brilliance.
You feel clever all of a sudden. The fire elemental hits you.
The fire elemental burns you!
It was a potion of magic.
Magic courses through your body. The fire elemental hits you.
The fire elemental burns you! The fire elemental hits you.
The fire elemental burns you!
You hit the fire elemental.
The fire elemental is moderately damaged.
The fire elemental hits you. The fire elemental burns you!
* * * LOW HITPOINT WARNING * * *
You hit the fire elemental.
The fire elemental is heavily damaged.
The fire elemental hits you. The fire elemental burns you!
* * * LOW HITPOINT WARNING * * *
You miss the fire elemental.
You headbutt the fire elemental, but do no damage.
The fire elemental is heavily damaged.
The fire elemental hits you. The fire elemental burns you!
You die...
Your body crumbles into a pile of gold.

#########.####.#
....^.....# #.#
########### #.#
#.# ## #.# #.#
#.# #.# #.# #.##
#.# #@###.#
##E##.# ##E#☼#
##E.# ##.## #..#
##.# #.# #.#


You could see 3 fire elementals.

Vanquished Creatures
  Grinder (D:4)
  2 fire elementals (D:4)
  2 scorpions (D:4)
  2 iguanas (D:5)
  Ijyb (D:3)
  An orc wizard (D:4)
  4 adders
  A shadow imp (D:5)
  3 dart slugs
  10 orcs
  3 ball pythons
  2 bats
  3 endoplasms
  4 giant cockroaches
  9 goblins
  4 hobgoblins
  2 kobolds
  3 quokkas
  A frilled lizard (D:1)
  5 rats
63 creatures vanquished.

Vanquished Creatures (others)
  28 foxfires
28 creatures vanquished.

Grand Total: 91 creatures vanquished

Notes
Turn   | Place    | Note
-------+----------+-------------------------------------------
     0 | D:5      | bmb222 the Demonspawn Delver began the quest for the Orb.
     0 | D:5      | Reached XP level 1. HP: 18/18 MP: 1/1
   143 | D:5      | Noticed an iguana
   267 | D:3      | Gained mutation: You are partially covered in yellow
                  | scales. (AC +2) [demonic ancestry]
   267 | D:3      | Reached XP level 2. HP: 21/24 MP: 2/2
   290 | D:3      | Noticed a sky beast
   400 | D:2      | Reached skill level 5 in Stealth
   475 | D:1      | Reached XP level 3. HP: 29/29 MP: 3/3
   608 | D:1      | Found a faded altar of an unknown god.
   611 | D:1      | Prayed at the altar of an unknown god.
   611 | D:1      | Became a worshipper of Ignis, the Dying Flame
  2171 | D:3      | Noticed Ijyb
  2200 | D:3      | Killed Ijyb
  2201 | D:3      | Gained mutation: You regenerate a little health from kills.
                  | [demonic ancestry]
  2201 | D:3      | Reached XP level 4. HP: 32/35 MP: 4/4
  2696 | D:4      | Found a shimmering blue altar of Sif Muna.
  2696 | D:4      | Found an opulent altar of Gozag.
  2710 | D:4      | Fell from the grace of Ignis
  2710 | D:4      | Became a worshipper of Gozag Ym Sagoz the Greedy
  2734 | D:4      | Noticed a bullfrog
  2746 | D:4      | Noticed a scorpion
  3023 | D:4      | Reached skill level 1 in Armour
  3073 | D:4      | Noticed Grinder
  3129 | D:3      | Noticed a fire elemental
  3129 | D:3      | Noticed a fire elemental
  3129 | D:3      | Noticed a fire elemental
  3284 | D:2      | You fall into a shaft and drop 1 floor!
  3399 | D:3      | You fall into a shaft and drop 2 floors!
  3400 | D:5      | Noticed an ice beast
  3470 | D:5      | Gained mutation: You regenerate magic rapidly. [demonic
                  | ancestry]
  3470 | D:5      | Reached XP level 5. HP: 3/41 MP: 5/5
  3700 | D:5      | Gained mutation: You are partially covered in large bone
                  | plates. (SH +4) [potion of mutation]
  3700 | D:5      | Gained mutation: You are robust. (+10% HP) [potion of
                  | mutation]
  3967 | D:4      | HP: 2/45 [scorpion (6)]
  4125 | D:4      | You fall into a shaft and drop 1 floor!
  4238 | D:4      | Noticed a fire elemental
  4238 | D:4      | Noticed a fire elemental
  4248 | D:4      | Killed a fire elemental
  4254 | D:4      | Killed a fire elemental
  4405 | D:4      | Killed Grinder
  4406 | D:4      | Gained mutation: You have a pair of small horns on your
                  | head. [demonic ancestry]
  4406 | D:4      | Reached XP level 6. HP: 44/52 MP: 6/6
  4490 | D:4      | Reached XP level 7. HP: 56/59 MP: 7/7
  4639 | D:4      | Noticed a fire elemental
  4639 | D:4      | Noticed a fire elemental
  4639 | D:4      | Noticed a fire elemental
  4654 | D:4      | Slain by a fire elemental

Illustrated notes

Levels and vault maps discovered:
D:1:      tarquinn_simple_flora_water_a, layout_basic,
          shapermc_ecumenical_altar_mp_vishouse
D:2:      layout_loops_corners, minivault_23, nicolae_hexahallways
D:3:      layout_rooms, uniq_ijyb
D:4:      layout_loops_ring, amethyst_overflow_temple_binary,
          uniq_crazy_yiuf_cottage, uniq_grinder
D:5:      layout_basic, lemuel_coloured_pillars_altar, st_stairs_7

Skill      XL: |  1  2  3  4  5 |
---------------+----------------+-----
Stealth        | 5 |  5.0
Polearms       | 2 3 4 |  4.4
Dodging        | 2 |  2.8
Armour         | 1 2 |  2.8
Fighting       | 4 |  4.2
Shields        | |  0.2
Unarmed Combat | |  0.1
Evocations     | |  0.5

Action                     |  1- 3 |  4- 6 |  7- 9 || total
---------------------------+-------+-------+-------++-------
  Melee: Spear             |   121 |   213 |     8 ||   342
         Unarmed           |       |     9 |       ||     9
         Punch             |       |     3 |       ||     3
         Headbutt          |       |     2 |     1 ||     3
 Invoke: Foxfire Swarm     |     2 |       |       ||     2
  Evoke: Wand              |       |     5 |     1 ||     6
    Use: Scroll            |       |     6 |       ||     6
         Potion            |       |     8 |     4 ||    12
   Stab: Sleeping          |    15 |     4 |       ||    19
         Distracted        |       |     1 |       ||     1
 Armour: Leather armour    |    23 |    38 |       ||    61
         Chain mail        |       |    18 |    11 ||    29
  Dodge: Dodged            |    49 |    96 |     4 ||   149
  Block: Other             |       |     9 |       ||     9
